 Dungeon Crawl Stone Soup version 0.26-b1-32-g5d43845318 (webtiles) character file.

Game seed: 8953531685136874604

43 Borgoz the Cudgeller (level 3, -4/33 HPs)
             Began as a Gargoyle Gladiator on Jan 11, 2021.
             Slain by a phantom (6 damage)
             ... on level 2 of the Dungeon.
             The game lasted 00:00:55 (697 turns).

Borgoz the Cudgeller (Gargoyle Gladiator)            Turns: 697, Time: 00:00:56

Health: -4/33      AC: 21    Str: 17    XL:     3   Next: 58%
Magic:  3/3        EV:  2    Int:  8    God:
Gold:   85         SH:  0    Dex: 12    Spells: 2/2 levels left

rFire    . . .     SeeInvis .   a - +0 flail
rCold    . . .     Faith    .   (no shield)
rNeg     + + +     Spirit   .   (armour currently unavailable)
rPois    ∞         Reflect  .   (helmet currently unavailable)
rElec    .         Harm     .   (cloak currently unavailable)
rCorr    .         Rampage  .   (gloves currently unavailable)
Will     .....     NoTele   +   (boots currently unavailable)
Stlth    +.........             (no amulet)
HPRegen  0.11/turn              (no ring)
MPRegen  0.08/turn              (no ring)

@: tree-form (expiring)
A: negative energy resistance 1, petrification resistance, miasma immunity, AC
+3
a: no special abilities


You were on level 2 of the Dungeon.
You were a tree.
You visited 1 branch of the dungeon, and saw 2 of its levels.

You collected 85 gold pieces.

Inventory:

Hand Weapons
 a - a +0 flail (weapon)
Missiles
 d - 3 throwing nets (quivered)
Armour
 b - a +0 leather armour (melded)
 c - a +0 helmet (melded)
Scrolls
 e - 2 scrolls of identify {unknown}
 g - a scroll of enchant weapon {unknown}
 h - a scroll of immolation {unknown}
 i - a scroll of amnesia {unknown}


   Skills:
 + Level 2.7 Fighting
 * Level 3.5 Maces & Flails
 - Level 1.7 Throwing
 + Level 1.1 Armour
 * Level 2.9 Dodging


You had 2 spell levels left.
You didn't know any spells.
Your spell library was empty.

Dungeon Overview and Level Annotations

Branches:
Dungeon (2/15)

Altars:

Annotations:
D:2 Terence


Innate Abilities, Weirdness & Mutations

You are resistant to torment.
((Your stone body is resilient. (AC +3)))
You are immune to poison.
You resist negative energy. (rN+)
((You are resistant to electric shocks. (rElec)))
((You can survive without breathing.))
You are immune to petrification.
You are immune to miasma.


Message History

Your transformation is almost over.
Terence hits you but does no damage.
You sock the phantom!
The phantom is moderately damaged.
Terence hits you but does no damage. The phantom barely misses you.
You sock the phantom!
The phantom is heavily damaged.
Terence hits you but does no damage. The phantom completely misses you.
A quokka comes into view.
You hit the phantom.
The phantom is severely damaged.
Terence hits you but does no damage.
The phantom hits you but does no damage.
Terence barely misses you.
You closely miss the phantom.
The phantom is severely damaged.
The phantom hits you.
* * * LOW HITPOINT WARNING * * *
Terence hits you but does no damage. The phantom hits you.
You die...

##### ### #...## ..
#....## ####. ##.###.##
#...K###.## ##.#
###..rlwW♣)# #.#
#.....g@##.## ##.########
......)..†..###.....)..(#
.......g####....#######(#
.#.[..........#.# #.#
.......######.#.# #.#
##.##.. #.#.#######.# ...
... #.........#.# .. ##..
#.......<.#.#


You could see a phantom, Terence, a worm, a quokka, a goblin (strong), a kobold
and a frilled lizard.

Vanquished Creatures
  Robin (D:2)
  A giant cockroach (D:1)
  9 goblins
  6 hobgoblins
  6 kobolds
  A bat (D:1)
  3 frilled lizards (D:1)
  2 rats
29 creatures vanquished.

Notes
Turn   | Place    | Note
-------+----------+-------------------------------------------
     0 | D:1      | Borgoz the Gargoyle Gladiator began the quest for the Orb.
     0 | D:1      | Reached XP level 1. HP: 12/12 MP: 1/1
    79 | D:1      | Reached XP level 2. HP: 18/18 MP: 2/2
   670 | D:2      | Noticed Robin
   671 | D:2      | Noticed Terence
   674 | D:2      | Reached XP level 3. HP: 22/22 MP: 3/3
   682 | D:2      | Noticed a phantom
   685 | D:2      | Reached skill level 1 in Armour
   693 | D:2      | Killed Robin
   697 | D:2      | Slain by a phantom

Illustrated notes

Levels and vault maps discovered:
D:1:      lightli_arrival_lavapool, layout_basic, minmay_misc_feat_columns
D:2:      layout_loops_ring, uniq_crazy_yiuf_cottage, uniq_robin, uniq_terence

Skill      XL: |  1  2  3 |
---------------+----------+-----
Armour         | 1 |  1.1
Fighting       | |  2.7
Maces & Flails | |  3.5
Throwing       | |  1.7
Dodging        | |  2.9

Action                   || total
-------------------------++-------
Melee: Flail             ||    69
  Use: Potion            ||     1
Armor: Leather armour    ||    30
       Skin              ||    15
Dodge: Dodged            ||    66
